TOP OF THE 1ST |
Milwaukee Brewers batting - Pitching for New York Mets : RHP Jeff Jank
|
Pitching: RHP Jeff Jank
|
|
Batting: RHB Kisho Ito
|
0-0: Called Strike 0-1: Swinging Strike 0-2: Ball 1-2: Ball 2-2: Foul Ball, location: 2F 2-2: Foul Ball, location: 2F 2-2: Strikes out swinging
|
Batting: RHB Akitada Nishizawa
|
0-0: Ground out 5-3 (Groundball, 56, EV 81.9 MPH)
|
Batting: SHB Jason Woods
|
0-0: Swinging Strike 0-1: Foul Ball, location: 2F 0-2: Ball 1-2: Foul Ball, location: 2F 1-2: Ground out U3 (Groundball, 34, EV 83.8 MPH)
|
Top of the 1st over - 0 runs, 0 hits, 0 errors, 0 left on base; Milwaukee 0 - New York 0 |
BOTTOM OF THE 1ST |
New York Mets batting - Pitching for Milwaukee Brewers : RHP Mekonen Mahfudh
|
Pitching: RHP Mekonen Mahfudh
|
|
Batting: SHB Nelle van den Berg
|
0-0: Ball 1-0: Ball 2-0: SINGLE (Groundball, 56D, EV 101.9 MPH)
|
Batting: SHB Gus Berry
|
0-0: Called Strike Nelle van den Berg steals 2nd base 0-1: Called Strike 0-2: Ball 1-2: Ball Passed Ball! Nelle van den Berg to third 2-2: Foul Ball, location: 2F 2-2: Ball 3-2: Base on Balls
|
Batting: SHB Sean Cook
|
0-0: Ball 1-0: Ball 2-0: Foul Ball, location: 2F 2-1: Ball 3-1: Foul Ball, location: 2F 3-2: Fly out, F7 (Flyball, 78D, EV 106.9 MPH) Runner from 3rd tags up, SCORES, no throw by LF
|
Batting: SHB Harry Hoop
|
0-0: Swinging Strike 0-1: Ball 1-1: Called Strike 1-2: Strikes out looking
|
Batting: SHB Jonathan Jenkins
|
0-0: Ball 1-0: Called Strike 1-1: Ball 2-1: Ball 3-1: Fly out, F7 (Flyball, 7S, EV 81.9 MPH)
|
Bottom of the 1st over - 1 run, 1 hit, 0 errors, 1 left on base; Milwaukee 0 - New York 1 |
TOP OF THE 2ND |
Milwaukee Brewers batting - Pitching for New York Mets : RHP Jeff Jank
|
Batting: LHB Cooper Broomhall
|
0-0: Ball 1-0: Fly out, F9 (Flyball, 9LS, EV 93.8 MPH)
|
Batting: LHB Jeremy Kuiper
|
0-0: Ball 1-0: Ball 2-0: Fly out, F7 (Flyball, 7S, EV 97.5 MPH)
|
Batting: RHB Cody Flowers
|
0-0: Ball 1-0: Ball 2-0: Ball 3-0: Called Strike 3-1: Foul Ball, location: 2F 3-2: Strikes out swinging
|
Top of the 2nd over - 0 runs, 0 hits, 0 errors, 0 left on base; Milwaukee 0 - New York 1 |
BOTTOM OF THE 2ND |
New York Mets batting - Pitching for Milwaukee Brewers : RHP Mekonen Mahfudh
|
Batting: SHB Kaname Fujimoto
|
0-0: Called Strike 0-1: Ball 1-1: Ball 2-1: DOUBLE (Line Drive, 3D, EV 104.4 MPH)
|
Batting: SHB Javy Rosa
|
0-0: Called Strike 0-1: Ball 1-1: DOUBLE (Groundball, 3D, EV 108.8 MPH) Kaname Fujimoto scores
|
Batting: RHB Melchor Sovrivilla
|
0-0: SINGLE (Groundball, 56S, EV 64.4 MPH) (infield hit) Javy Rosa to third
|
Batting: SHB Johnny Diaz
|
0-0: Called Strike 0-1: Called Strike Melchor Sovrivilla steals 2nd base 0-2: Ball 1-2: Hit by Pitch
|
Batting: SHB Nelle van den Berg
|
0-0: Swinging Strike 0-1: Swinging Strike 0-2: Strikes out swinging
|
Batting: SHB Gus Berry
|
0-0: Ball 1-0: Called Strike 1-1: Fly out, F9 (Flyball, 9S, EV 84.4 MPH)
|
Batting: SHB Sean Cook
|
0-0: Called Strike 0-1: Ball 1-1: Fly out, F9 (Flyball, 89M, EV 86.9 MPH)
|
Bottom of the 2nd over - 1 run, 3 hits, 0 errors, 3 left on base; Milwaukee 0 - New York 2 |
TOP OF THE 3RD |
Milwaukee Brewers batting - Pitching for New York Mets : RHP Jeff Jank
|
Batting: SHB Jean-François Bernard
|
0-0: Swinging Strike 0-1: Called Strike 0-2: Ball 1-2: Ball 2-2: Strikes out swinging
|
Batting: RHB Yuichi Matsuoka
|
0-0: Ground out 2-3 (Groundball, 15S, EV 66.3 MPH)
|
Batting: LHB Antonio Diaz
|
0-0: Foul Ball, location: 2F 0-1: Foul Ball, location: 2F 0-2: Strikes out swinging
|
Top of the 3rd over - 0 runs, 0 hits, 0 errors, 0 left on base; Milwaukee 0 - New York 2 |
BOTTOM OF THE 3RD |
New York Mets batting - Pitching for Milwaukee Brewers : RHP Mekonen Mahfudh
|
Batting: SHB Harry Hoop
|
0-0: Called Strike 0-1: SOLO HOME RUN (Line Drive, 9LD, EV 95.0 MPH), Distance : 351 ft
|
Batting: SHB Jonathan Jenkins
|
0-0: Foul Ball, location: 2F 0-1: SINGLE (Line Drive, 8LS, EV 111.9 MPH)
|
Batting: SHB Kaname Fujimoto
|
0-0: Ball 1-0: Bunted foul 1-1: Sac Bunt to 15S - play at first, batter OUT! 1-4 Jonathan Jenkins to second
|
Batting: SHB Javy Rosa
|
0-0: Called Strike 0-1: Foul Ball, location: 2F 0-2: Ball 1-2: Fly out, F4 (Popup, 4M, EV 71.9 MPH)
|
Batting: RHB Melchor Sovrivilla
|
0-0: Ball 1-0: Called Strike 1-1: Swinging Strike 1-2: Ball 2-2: Fly out, F4 (Popup, 4, EV 60.0 MPH)
|
Bottom of the 3rd over - 1 run, 2 hits, 0 errors, 1 left on base; Milwaukee 0 - New York 3 |
TOP OF THE 4TH |
Milwaukee Brewers batting - Pitching for New York Mets : RHP Jeff Jank
|
Batting: RHB Kisho Ito
|
0-0: Called Strike 0-1: Called Strike 0-2: Ball 1-2: Fly out, F8 (Flyball, 8RD, EV 93.8 MPH)
|
Batting: RHB Akitada Nishizawa
|
0-0: Ground out 6-3 (Groundball, 6, EV 78.8 MPH)
|
Batting: SHB Jason Woods
|
0-0: SINGLE (Groundball, 34D, EV 108.8 MPH)
|
Batting: LHB Cooper Broomhall
|
0-0: Ball 1-0: Called Strike 1-1: Ball 2-1: Called Strike 2-2: Fly out, F7 (Flyball, 78S, EV 94.4 MPH)
|
Top of the 4th over - 0 runs, 1 hit, 0 errors, 1 left on base; Milwaukee 0 - New York 3 |
BOTTOM OF THE 4TH |
New York Mets batting - Pitching for Milwaukee Brewers : RHP Mekonen Mahfudh
|
Batting: SHB Johnny Diaz
|
0-0: Ball 1-0: Foul Ball, location: 2F 1-1: Ball 2-1: Swinging Strike 2-2: Ball 3-2: Ground out 4-3 (Groundball, 34, EV 107.5 MPH)
|
Batting: SHB Nelle van den Berg
|
0-0: Called Strike 0-1: Ball 1-1: Fly out, F5 (Popup, 5F, EV 72.5 MPH)
|
Batting: SHB Gus Berry
|
0-0: Ball 1-0: SINGLE (Line Drive, 6D, EV 101.3 MPH)
|
Batting: SHB Sean Cook
|
0-0: Ball Gus Berry steals 2nd base 1-0: Foul Ball, location: 2F 1-1: Called Strike 1-2: Fly out, F8 (Flyball, 89D, EV 93.1 MPH)
|
Bottom of the 4th over - 0 runs, 1 hit, 0 errors, 1 left on base; Milwaukee 0 - New York 3 |
TOP OF THE 5TH |
Milwaukee Brewers batting - Pitching for New York Mets : RHP Jeff Jank
|
Pitching: RHP Victor Morin
|
|
Batting: LHB Jeremy Kuiper
|
0-0: Called Strike 0-1: Ball 1-1: Called Strike 1-2: Foul Ball, location: 2F 1-2: Ball 2-2: Fly out, F8 (Flyball, 8RD, EV 101.3 MPH)
|
Batting: RHB Cody Flowers
|
0-0: Ball 1-0: Ball 2-0: Ball 3-0: Called Strike 3-1: Fly out, F3 (Line Drive, 3, EV 70.6 MPH)
|
Batting: SHB Jean-François Bernard
|
0-0: Ball 1-0: Ball 2-0: Foul Ball, location: 2F 2-1: Called Strike 2-2: Ball 3-2: Strikes out swinging
|
Top of the 5th over - 0 runs, 0 hits, 0 errors, 0 left on base; Milwaukee 0 - New York 3 |
BOTTOM OF THE 5TH |
New York Mets batting - Pitching for Milwaukee Brewers : RHP Mekonen Mahfudh
|
Pitching: LHP Jamie Blake
|
|
Batting: SHB Harry Hoop
|
0-0: Foul Ball, location: 2F 0-1: Foul Ball, location: 2F 0-2: Ball 1-2: Ball 2-2: DOUBLE (Flyball, 8RXD, EV 98.8 MPH)
|
Batting: SHB Jonathan Jenkins
|
0-0: Ball 1-0: Foul Ball, location: 2F 1-1: Ground out 1-3 (Groundball, 34S, EV 65.0 MPH) Harry Hoop to third
|
Batting: SHB Kaname Fujimoto
|
0-0: Ball 1-0: Ball Steal of home, Harry Hoop is safe 2-0: Fly out, F9 (Line Drive, 9, EV 91.3 MPH)
|
Batting: SHB Javy Rosa
|
0-0: Foul Ball, location: 2F 0-1: Ball 1-1: DOUBLE (Flyball, 8LXD, EV 103.8 MPH)
|
Batting: RHB Melchor Sovrivilla
|
0-0: Ball 1-0: Called Strike 1-1: Swinging Strike 1-2: Foul Ball, location: 2F 1-2: Ball 2-2: Strikes out swinging
|
Bottom of the 5th over - 1 run, 2 hits, 0 errors, 1 left on base; Milwaukee 0 - New York 4 |
TOP OF THE 6TH |
Milwaukee Brewers batting - Pitching for New York Mets : RHP Victor Morin
|
Batting: RHB Yuichi Matsuoka
|
0-0: Called Strike 0-1: Ball 1-1: SINGLE (Groundball, 5S, EV 66.9 MPH) (infield hit)
|
Batting: LHB Antonio Diaz
|
0-0: Grounds into double play, 6-4-3 (Groundball, 6, EV 90.0 MPH)
|
Batting: RHB Kisho Ito
|
0-0: Called Strike 0-1: Ball 1-1: Called Strike 1-2: Ball 2-2: Ground out 6-3 (Groundball, 56, EV 105.0 MPH)
|
Top of the 6th over - 0 runs, 1 hit, 0 errors, 0 left on base; Milwaukee 0 - New York 4 |
BOTTOM OF THE 6TH |
New York Mets batting - Pitching for Milwaukee Brewers : LHP Jamie Blake
|
Batting: SHB Johnny Diaz
|
0-0: Ball 1-0: Called Strike 1-1: Ball 2-1: Ball 3-1: Ground out 4-3 (Groundball, 4, EV 100.0 MPH)
|
Pinch Hitting: SHB Scott Bartholomew
|
0-0: Ball 1-0: Foul Ball, location: 2F 1-1: Foul Ball, location: 2F 1-2: Strikes out swinging
|
Pinch Hitting: LHB Bill Armijo
|
0-0: Ball 1-0: Ball 2-0: Fly out, F8 (Flyball, 78D, EV 105.0 MPH)
|
Bottom of the 6th over - 0 runs, 0 hits, 0 errors, 0 left on base; Milwaukee 0 - New York 4 |
TOP OF THE 7TH |
Milwaukee Brewers batting - Pitching for New York Mets : RHP Victor Morin
|
Pitching: RHP Ian Daniels
|
|
Now at SS: Scott Bartholomew
|
|
Now in CF: Timo Gomez
|
|
Batting: RHB Akitada Nishizawa
|
0-0: SOLO HOME RUN (Flyball, 78XD, EV 110.6 MPH), Distance : 447 ft
|
Batting: SHB Jason Woods
|
0-0: Fly out, F4 (Flyball, 34D, EV 89.4 MPH)
|
Batting: LHB Cooper Broomhall
|
0-0: Fly out, F9 (Flyball, 9, EV 87.5 MPH)
|
Batting: LHB Jeremy Kuiper
|
0-0: SINGLE (Flyball, 4D, EV 89.4 MPH)
|
Batting: RHB Cody Flowers
|
0-0: DOUBLE (Line Drive, 9LD, EV 105.6 MPH) Jeremy Kuiper to third
|
Batting: SHB Jean-François Bernard
|
0-0: Called Strike 0-1: Foul Ball, location: 2F 0-2: Hit by Pitch
|
Batting: RHB Yuichi Matsuoka
|
0-0: Swinging Strike 0-1: Swinging Strike 0-2: Strikes out swinging
|
Top of the 7th over - 1 run, 3 hits, 0 errors, 3 left on base; Milwaukee 1 - New York 4 |
BOTTOM OF THE 7TH |
New York Mets batting - Pitching for Milwaukee Brewers : LHP Jamie Blake
|
Pitching: LHP Vasquo Sartores
|
|
Batting: SHB Sean Cook
|
0-0: Ball 1-0: Ball 2-0: Called Strike 2-1: Swinging Strike 2-2: Strikes out swinging
|
Batting: SHB Harry Hoop
|
0-0: Ball 1-0: Called Strike 1-1: Foul Ball, location: 2F 1-2: Strikes out swinging
|
Pinch Hitting: SHB Scott Scott
|
0-0: Ground out 5-3 (Groundball, 56, EV 86.3 MPH)
|
Bottom of the 7th over - 0 runs, 0 hits, 0 errors, 0 left on base; Milwaukee 1 - New York 4 |
TOP OF THE 8TH |
Milwaukee Brewers batting - Pitching for New York Mets : RHP Ian Daniels
|
Now at 2B: Scott Scott
|
|
Batting: LHB Antonio Diaz
|
0-0: Ball 1-0: Ball 2-0: Ball 3-0: Foul Ball, location: 2F 3-1: Base on Balls
|
Pinch Hitting: RHB Noah Stanley
|
0-0: Foul Ball, location: 2F 0-1: Foul Ball, location: 2F 0-2: SINGLE (Flyball, 89S, EV 95.0 MPH) Antonio Diaz to second Runner from 2nd tries for 3rd, SAFE, throw by CF made to third
|
Pinch Hitting: RHB Daniel Donovan
|
0-0: Ball 1-0: Called Strike 1-1: Ball 2-1: Ball 3-1: SINGLE (Line Drive, 4M, EV 105.6 MPH) Antonio Diaz scores Noah Stanley to second
|
Pinch Hitting: SHB Pat Wilson
|
0-0: Foul Ball, location: 2F 0-1: SINGLE (Groundball, 34D, EV 103.8 MPH) Noah Stanley to third Daniel Donovan to second Runner from 3rd tries for Home, SAFE, throw by RF to home
|
Pitching: LHP Chris Thurner
|
|
Pinch Hitting: LHB Tetsuya Oba
|
0-0: Ball 1-0: SINGLE (Flyball, 6MD, EV 97.5 MPH) Daniel Donovan to third Pat Wilson to second
|
Pinch Hitting: RHB Eric Sullivan
|
0-0: Foul Ball, location: 2F 0-1: Swinging Strike 0-2: Ball 1-2: Strikes out looking
|
Pinch Hitting: RHB Adrian Rudkilde
|
0-0: Swinging Strike 0-1: Called Strike 0-2: Foul Ball, location: 2F 0-2: Strikes out swinging
|
Batting: SHB Jean-François Bernard
|
0-0: Foul Ball, location: 2F 0-1: Foul Ball, location: 2F 0-2: Strikes out swinging
|
Top of the 8th over - 2 runs, 4 hits, 0 errors, 3 left on base; Milwaukee 3 - New York 4 |
TOP OF THE 9TH |
Milwaukee Brewers batting - Pitching for New York Mets : LHP Chris Thurner
|
Pitching: RHP Ian Wright
|
|
Now at 1B: Steven Romanovsky
|
|
Pinch Hitting: RHB Ben Campbell
|
0-0: Ball 1-0: Foul Ball, location: 2F 1-1: Swinging Strike 1-2: Foul Ball, location: 2F 1-2: Strikes out swinging
|
Pitching: RHP Justin Howard
|
|
Batting: LHB Katsunan Akimoto
|
0-0: Foul Ball, location: 2F 0-1: Foul Ball, location: 2F 0-2: Strikes out looking
|
Batting: RHB Noah Stanley
|
0-0: Called Strike 0-1: Ball 1-1: Swinging Strike 1-2: Ball 2-2: Strikes out looking
|
Top of the 9th over - 0 runs, 0 hits, 0 errors, 0 left on base; Milwaukee 3 - New York 4 |
|